 Dungeon Crawl Stone Soup version 0.22-a0-355-g201945fe43 (webtiles) character file.

1616 KleinerIrrer the Skirmisher (level 8, -1/76 HPs)
             Began as a Naga Fighter on Apr 18, 2018.
             Was a Believer of Cheibriados.
             Slain by a hornet (16 damage)
             ... while paralysed by a hornet
             ... on level 7 of the Dungeon.
             The game lasted 00:13:48 (6397 turns).

KleinerIrrer the Skirmisher (Naga Fighter)          Turns: 6397, Time: 00:13:48

Health: -1/76      AC:  9    Str: 24    XL:     8   Next: 96%
Magic:  8/8        EV:  1    Int: 15    God:    Cheibriados [**....]
Gold:   195        SH:  0    Dex: 16    Spells: 7/7 levels left

rFire    . . .     SeeInvis +   o - +4 flail
rCold    . . .     Gourm    .   c - +0 shield
rNeg     . . .     Faith    .   n - +3 leather armour
rPois    +         Spirit   .   (no helmet)
rElec    .         Reflect  .   (no cloak)
rCorr    .         Harm     .   h - +1 pair of gloves
MR       +....                  (no barding)
Stlth    ++........             m - amulet of regeneration
HPRegen  0.62/turn              (no ring)
MPRegen  0.11/turn              (no ring)

@: paralysed, lethally poisoned (-1 -> -2), very slow
A: large, see invisible, deformed body, poison resistance, slowness 2, slow
metabolism 1, spit poison 1, AC +2
a: Spit Poison, Bend Time, Renounce Religion


You were on level 7 of the Dungeon.
You worshipped Cheibriados.
Cheibriados was pleased with you.
You were not hungry.

You visited 2 branches of the dungeon, and saw 8 of its levels.
You also visited: Ossuary.

You collected 585 gold pieces.
You spent 390 gold pieces at shops.

Inventory:

Hand Weapons
 a - a +0 trident
 o - a +4 flail (weapon)
 t - a +0 blowgun
Missiles
 u - 35 poisoned needles
Armour
 b - a +0 scale mail
 c - a +0 shield (worn)
 h - a +1 pair of gloves (worn)
 n - a +3 leather armour (worn)
Jewellery
 m - an amulet of regeneration (around neck)
Wands
 p - a wand of polymorph (22)
 y - a wand of flame (8)
Scrolls
 e - a scroll of immolation {unknown}
 i - 3 scrolls of blinking
 j - 2 scrolls of teleportation
 k - a scroll of enchant weapon
 l - a scroll of enchant armour
 q - 4 scrolls of magic mapping
 r - a scroll of remove curse
 x - a scroll of fear {unknown}
 A - a scroll of fog {unknown}
Potions
 g - 2 potions of degeneration {unknown}
 s - a potion of flight
 v - a potion of agility
Comestibles
 d - a chunk of flesh
 f - 9 rations


   Skills:
 + Level 5.6 Fighting
 + Level 5.4 Maces & Flails
 - Level 2.4 Polearms
 + Level 4.1 Armour
 + Level 3.3 Dodging
 + Level 3.0 Stealth
 + Level 4.6 Shields


You had 7 spell levels left.
You didn't know any spells.

Dungeon Overview and Level Annotations

Branches:
Dungeon (7/15)             Temple (1/1) D:5

Altars:
Ashenzari
Cheibriados
Dithmenos
Elyvilon
Fedhas
Gozag
Hepliaklqana
Kikubaaqudgha
Makhleb
Nemelex Xobeh
Okawaru
Sif Muna
Uskayaw
Vehumet
Xom
Yredelemnul
Zin
The Shining One

Shops:
D:6 =


Innate Abilities, Weirdness & Mutations

You cannot wear boots.
Your serpentine skin is tough. (AC +2)
You have supernaturally acute eyesight. (SInv)
Armour fits poorly on your strangely shaped body.
Your system is resistant to poisons. (rPois)
You cover ground very slowly.
You have a slow metabolism.
You can spit poison.


Message History

You hit the hornet.
The hornet is severely wounded.
You block the hornet's attack. The hornet stings you!
You hit the hornet but do no damage.
The hornet is severely wounded.
The hornet closely misses you.
You sock the hornet!
The hornet is almost dead.
The hornet stings you!
* * * LOW HITPOINT WARNING * * *
You suddenly lose the ability to move!
The hornet stings you.
* * * LOW HITPOINT WARNING * * *
The hornet stings you.
* * * LOW HITPOINT WARNING * * *
You are poisoned.
You feel yourself slow down.
The hornet stings you but does no damage.
You feel yourself speed up.
You feel sick. The hornet stings you!
You die...

.. #.##
######...
........#
........# #
........###..#
.......).....#
.......y#
#######@#
#.#### ...
#....# ...#
#....# ...#
#....# ...#
##...# ...#
#..##.# ...#
##.# .#
...#### #.# .#


You could see a hornet.

Vanquished Creatures
  An orc warrior (D:6)
  2 sky beasts (D:6)
  2 centaurs
  An elf zombie (Ossuary)
  2 bullfrogs (D:6)
  A scorpion (D:7)
  3 killer bees (D:7)
  An electric eel (D:6)
  A crimson imp (D:6)
  2 hounds (D:4)
  4 orc wizards
  An orc priest (D:5)
  An iguana (D:6)
  6 worker ants
  2 big kobold zombies (Ossuary)
  A hound skeleton (D:4)
  2 mummies (Ossuary)
  11 adders
  4 gnolls (D:6)
  A shadow imp (D:5)
  An ooze (D:3)
  6 worms
  A dart slug (D:1)
  3 leopard geckos
  14 orcs
  7 bats
  6 giant cockroaches
  3 gnoll zombies (Ossuary)
  5 goblins
  7 hobgoblins
  4 jackals (D:6)
  5 quokkas
  6 frilled lizards
  4 goblin zombies (Ossuary)
  3 hobgoblin zombies (Ossuary)
  10 kobolds
  An orc zombie (Ossuary)
  6 rats
  A fungus (D:1)
142 creatures vanquished.

Vanquished Creatures (others)
  A plant (D:6)
1 creature vanquished.

Grand Total: 143 creatures vanquished

Notes
Turn   | Place    | Note
-------+----------+-------------------------------------------
     0 | D:1      | KleinerIrrer the Naga Fighter began the quest for the Orb.
     0 | D:1      | Reached XP level 1. HP: 21/21 MP: 1/1
   127 | D:1      | Reached XP level 2. HP: 25/28 MP: 2/2
  1055 | D:2      | Reached XP level 3. HP: 14/34 MP: 3/3
  1056 | D:2      | Found an iron altar of Okawaru.
  1477 | D:2      | Found a shadowy altar of Dithmenos.
  1486 | D:2      | Reached XP level 4. HP: 37/42 MP: 4/4
  2340 | D:3      | Reached skill level 1 in Maces & Flails
  2340 | D:3      | Reached skill level 1 in Dodging
  2340 | D:3      | Reached XP level 5. HP: 29/49 MP: 5/5
  3295 | D:4      | Reached XP level 6. HP: 43/57 MP: 6/6
  3608 | D:4      | Found a blossoming altar of Fedhas.
  3657 | D:5      | Entered Level 5 of the Dungeon
  3730 | D:5      | Found a white marble altar of Elyvilon.
  4256 | D:5      | Found a staircase to the Ecumenical Temple.
  4272 | Temple   | Entered the Ecumenical Temple
  4315 | Temple   | Became a worshipper of Cheibriados the Contemplative
  4434 | D:5      | Found a shimmering altar of Xom.
  4435 | D:5      | Found a hazy altar of Hepliaklqana.
  4435 | D:5      | Noticed a torpor snail
  4436 | D:5      | Noticed a torpor snail
  4436 | D:5      | Noticed a spectral ugly thing
  4483 | D:5      | Noticed an orc warrior
  4522 | D:5      | Found a glowing silver altar of Zin.
  4606 | D:6      | Reached XP level 7. HP: 64/64 MP: 7/7
  4634 | D:6      | Reached skill level 1 in Stealth
  4716 | D:6      | Found Pobue's Jewellery Shoppe.
  4743 | D:6      | Reached * piety under Cheibriados
  4804 | D:6      | Found a sand-covered staircase.
  4813 | Ossuary  | Entered an ossuary
  4856 | Ossuary  | Reached XP level 8. HP: 42/73 MP: 8/8
  5065 | Ossuary  | Reached skill level 5 in Fighting
  5291 | D:6      | Bought an uncursed amulet of regeneration for 390 gold pieces
  5422 | D:6      | Reached ** piety under Cheibriados
  6234 | D:7      | Reached skill level 5 in Maces & Flails
  6382 | D:7      | Noticed a hornet
  6395 | D:7      | Paralysed by a hornet for 3 turns
  6397 | D:7      | Slain by a hornet

Vault maps used:
D:1:      lightli_arrival_maybe_door_vault, roderic_roman_lattice,
          minmay_gold_behind_fungi
D:2:      nicolae_overflow_hidden_temple
D:3:      wad_floor_pattern_untrapped
D:4:      fedhas_altar_4
D:5:      regret_index_temple_of_mockery, elyvilon_altar_3, zin_statuary,
          bloody_trog, minmay_temple_entry_junction_2, basic_altar,
          first_ration, st_stairs_4, goddamned_bats
D:6:      enter_ossuary_1, serial_shops, nicolae_shop_waterfront,
          serial_bayou_ford_a, st_stairs_12
D:7:      lemuel_doored_altar, serial_shops, kennysheep_mini
Temple:   nicolae_temple_x_marks_the_god
Ossuary:  minmay_ossuary_gauntlet

Skill      XL: |  1  2  3  4  5  6  7  8 |
---------------+-------------------------+-----
Armour         | 3 4 |  4.1
Maces & Flails | 1 2 3 5 |  5.4
Dodging        | 1 2 3 |  3.3
Shields        | 3 4 |  4.6
Fighting       | 4 5 |  5.6
Stealth        | 1 3 |  3.0
Polearms       | |  2.4

Action                   |  1- 3 |  4- 6 |  7- 9 || total
-------------------------+-------+-------+-------++-------
Melee: Trident           |   132 |    16 |       ||   148
       Flail             |       |   226 |   215 ||   441
 Abil: Spit Poison       |       |     2 |     4 ||     6
  Use: Scroll            |       |     7 |     4 ||    11
       Potion            |       |       |     2 ||     2
 Stab: Sleeping          |       |     1 |       ||     1
       Distracted        |       |       |     1 ||     1
  Eat: Chunk             |     1 |     9 |     1 ||    11
       Ration            |       |       |     1 ||     1
Armor: Scale mail        |    47 |     5 |       ||    52
       Leather armour    |       |    96 |    75 ||   171
Dodge: Dodged            |    33 |    80 |    68 ||   181
Block: Shield            |    54 |   124 |   130 ||   308

Table legend:
 A = Spawn XP
 B = Non-spawn XP
 C = Spawn XP percentage of total XP
 D = Spawn monster count
 E = Non-spawn monster count
 F = Spawn count percentage of total count
 G = Total turns spent on level
                    A         B        C        D         E        F      G
               +---------+---------+-------+---------+---------+-------+---------
         Total |       0 |    2309 |   0.0 |       0 |     141 |   0.0 |  6397
               +---------+---------+-------+---------+---------+-------+---------
           D:1 |       0 |      29 |   0.0 |       0 |      18 |   0.0 |   984
           D:2 |       0 |      90 |   0.0 |       0 |      23 |   0.0 |  1156
           D:3 |       0 |     123 |   0.0 |       0 |      24 |   0.0 |   878
           D:4 |       0 |     155 |   0.0 |       0 |       8 |   0.0 |   639
           D:5 |       0 |     211 |   0.0 |       0 |      18 |   0.0 |   851
           D:6 |       0 |    1129 |   0.0 |       0 |      28 |   0.0 |  1227
           D:7 |       0 |     372 |   0.0 |       0 |       6 |   0.0 |   206
       Ossuary |       0 |     200 |   0.0 |       0 |      16 |   0.0 |   402
               +---------+---------+-------+---------+---------+-------+---------
